Cogmind - Beta 13 @@@ ROGUE MODE // 2024.04.06 @ 20:17:55 Player: GwenMeow Result: Destroyed self with Mini Grenade Launcher Performance ------------- Evolutions (0) 0 Regions Visited (2) 400 Robots Destroyed (28) 140 Value Destroyed (573) 573 Prototype IDs (0) 0 Alien Tech Used (0) 0 Bonus (0) 0 TOTAL SCORE: 1113 Bonus ------- None Cogmind --------- Core Integrity 0/250 Matter 192/300 Energy 100/100 System Corruption 1% Temperature Cool (0) Movement Core (200) Ox3 Location -10/Mines Parts ------- > --- POWER (1) -------- (None) > --- PROPULSION (2) --- (None) > --- UTILITY (2) ------ Medium Storage Unit Signal Interpreter > --- WEAPON (2) ------- Mini Grenade Launcher Mini Grenade Launcher > --- INVENTORY (10) --- Aluminum Leg Sensor Array ECM Suite Propulsion Shielding Assault Rifle Assault Rifle Assault Rifle Assault Rifle Mace Peak State ------------ > --- POWER ------------ Light Nuclear Core > --- PROPULSION ------- Aluminum Leg Carbon-fiber Leg > --- UTILITY ---------- Medium Storage Unit Signal Interpreter > --- WEAPON ----------- Assault Rifle Mini Grenade Launcher > --- INVENTORY -------- Ion Engine Aluminum Leg Sensor Array ECM Suite Propulsion Shielding Assault Rifle Assault Rifle Assault Rifle Mini Grenade Launcher Mace [Rating: 13] Favorites ----------- Power Light Nuclear Core Engine Light Ion Engine Power Core Light Nuclear Core Propulsion Aluminum Leg Treads Light Treads Leg Aluminum Leg Utility Medium Storage Unit Device Terrain Scanner Storage Medium Storage Unit Processor Signal Interpreter Protection Propulsion Shielding Weapon Assault Rifle Ballistic Gun Assault Rifle Launcher Mini Grenade Launcher Special Weapon Welding Torch Impact Weapon Mace Build | -11 -10 -10 ------- Run | Yrd Mat Min Slots Evolved . | . . . Power . | . . . Propulsion . | . . . Utility . | . . . Weapon . | . . . Parts Attached 35 | 6 22 7 Power 4 | 1 2 1 Engine 3 | 1 1 1 Core 1 | . 1 . Reactor . | . . . Propulsion 6 | 2 2 2 Treads 2 | 2 . . Leg 4 | . 2 2 Wheel . | . . . Hover . | . . . Flight . | . . . Utility 11 | 1 10 . Device 3 | . 3 . Storage 4 | 1 3 . Processor 2 | . 2 . Hackware . | . . . Protection 2 | . 2 . Artifact . | . . . Weapon 14 | 2 8 4 Energy Gun . | . . . Energy Cannon . | . . . Ballistic Gun 9 | 2 6 1 Ballistic Cannon . | . . . Launcher 3 | . . 3 Special Weapon 1 | . 1 . Impact Weapon 1 | . 1 . Slashing Weapon . | . . . Piercing Weapon . | . . . Special Melee Weapon . | . . . Unidentified Prototypes . | . . . Parts Lost 3 | . . 3 Power 1 | . . 1 Propulsion 2 | . . 2 Utility . | . . . Weapon . | . . . Highest Loss Streak 3 | . . 3 To Critical Strikes . | . . . Average Slot Usage (%) 98 | . 98 97 Engine 6 | . 7 5 Core 7 | . 6 7 Treads 12 | . 14 . Leg 15 | . 13 26 Device 4 | . 5 . Storage 14 | . 14 14 Processor 2 | . . 14 Protection 4 | . 5 . Ballistic Gun 25 | . 27 15 Launcher 1 | . . 12 Naked Turns . | . . . Heaviest Build 32 | 14 32 19 Greatest Support 40 | 40 40 25 Greatest Overweight (x) 4 | 4 . . Average Overweight (x) . | . . . Largest Inventory Capacity 15 | 8 15 10 Average Capacity 11 | 7 11 10 Most Carried 10 | 4 10 10 Average Carried 6 | 1 5 9 Final Capacity 10 | 8 10 10 Final Carried 10 | 1 10 9 Class Distribution -------------------- 81% | Mutant 18% | Scavenger-Mutant Dominant Class ---------------- Mutant | -10/Materials Scavenger-Mutant | -10/Mines Resources | -11 -10 -10 ----------- Run | Yrd Mat Min Matter Collected 826 | 223 397 206 Remotely . | . . . Salvage Created 656 | . 487 169 Parts 58 | . 41 17 Haulers Intercepted . | . . . Recyclers Shooed . | . . . Parts Field Recycled . | . . . Retrieved Matter . | . . . Parts Self-Destructed . | . . . Prevented . | . . . Kills | -11 -10 -10 ------- Run | Yrd Mat Min Combat Hostiles Destroyed 20 | . 11 9 Guns 12 | . 11 1 AOE 8 | . . 8 Classes Destroyed 8 | . 6 2 Worker 1 | . 1 . Builder 1 | . 1 . Tunneler 1 | . . 1 Recycler 2 | . 2 . Mechanic 1 | . . 1 Watcher 2 | . 2 . Swarmer 9 | . 6 3 Grunt 11 | . 5 6 Best Kill Streak 7 | . 7 6 Combat Bots Only 6 | . 6 4 Max Kills in Single Turn 3 | . 2 3 Gunslinging . | . . . Exploded 3 | . . 3 Melee . | . . . Uniques/NPCs Destroyed . | . . . Combat | -11 -10 -10 -------- Run | Yrd Mat Min Hostile Shots Fired 73 | . 53 20 Missed 16 | . 10 6 Damage Taken 979 | . 428 551 Core 266 | . 71 195 Absorbed by Shields . | . . . Redirected to Shielding 12 | . 12 . Regen/Repaired (Parts) 12 | . 12 . Core Remaining (%) 100 | 100 . . Volleys Fired 60 | . 48 12 Largest 2 | . 2 2 Hottest 60 | . 40 60 Shots Fired 108 | . 87 21 Gun 84 | . 78 6 Cannon . | . . . Launcher 15 | . . 15 Special 9 | . 9 . Kinetic 84 | . 78 6 Thermal 9 | . 9 . Explosive 15 | . . 15 Electromagnetic . | . . . Robot Hit Streak 19 | . 19 4 Robot Miss Streak 4 | . 4 4 Penetration Max . | . . . Secondary Targets 2 | . 2 . Max Gunslinging Chain 1 | . 1 . Shots Hit Robots 59 | . 48 11 Core Hits 54 | . 24 30 Critical Kills . | . . . Critical Parts Destroyed . | . . . Critical Strikes . | . . . Melee Attacks 2 | . 2 . Impact 2 | . 2 . Slashing . | . . . Piercing . | . . . Sneak Attacks . | . . . Combat Hostiles . | . . . Follow-up Attacks . | . . . Damage Inflicted 1468 | . 633 835 Guns 671 | . 633 38 Cannons . | . . . Explosions 786 | . . 786 Melee . | . . . Ramming 11 | . . 11 Kinetic 671 | . 633 38 Thermal . | . . . Explosive 786 | . . 786 Electromagnetic . | . . . Impact . | . . . Slashing . | . . . Piercing . | . . . Highest Corruption 1 | . 1 1 Average Corruption 1 | . 1 1 Corruption Purged . | . . . Corruption Blocked . | . . . Effects 5 | . 5 . Message Errors 2 | . 2 . Heat Flow Errors 1 | . 1 . Energy Discharges 2 | . 2 . Overload Shots . | . . . Overflow Damage 7 | . . 7 Projectiles . | . . . Explosions 7 | . . 7 Melee . | . . . Knockbacks . | . . . Impact . | . . . Kinetic . | . . . Secondary . | . . . Self-Inflicted Damage 214 | . . 214 Shots 8 | . . 8 Rammed . | . . . Targets Rammed 1 | . . 1 Kicked 1 | . . 1 Crushed . | . . . Highest Temperature 177 | . 177 18 Average Temperature 39 | . 61 10 Received Heat Transfer 198 | . 150 48 Siege Activations . | . . . Robots Corrupted . | . . . Combat Hostiles . | . . . Parts Fried . | . . . Impact Corruptions . | . . . Robots Melted . | . . . Combat Hostiles . | . . . Parts Melted . | . . . Heat Transferred . | . . . Parts Sabotaged . | . . . Parts Stolen . | . . . Parts Stripped . | . . . Power Chain Reactions . | . . . Alert | -11 -10 -10 ------- Run | Yrd Mat Min Peak Influence 300 | . 221 300 Initial 15 | . . 15 Average 79 | . 80 108 Maximum Alert Level 1 | . 1 1 Low Security (%) 90 | 100 92 75 Level 1 9 | . 7 24 Level 2 . | . . . Level 3 . | . . . Level 4 . | . . . Level 5 . | . . . High Security . | . . . Max Security . | . . . Squads Dispatched 2 | . 1 1 Investigation . | . . . Extermination . | . . . Reinforcement 1 | . 1 . Assault 1 | . . 1 Garrison . | . . . Intercept . | . . . Searches Triggered . | . . . Construction Impeded . | . . . Haulers Reinforced . | . . . Active Scanning Responses . | . . . Cargo Convoy Interrupts . | . . . Stealth | -11 -10 -10 --------- Run | Yrd Mat Min Distress Signals . | . . . Communications Jammed . | . . . Distress Signals . | . . . Times Spotted 30 | . 18 12 Peak Tracking Total 5 | . 4 5 Tactical Retreats 1 | . 1 . Traps | -11 -10 -10 ------- Run | Yrd Mat Min Traps Triggered . | . . . Indirectly . | . . . Trap Hack Attempts . | . . . Triggered . | . . . Disarmed . | . . . Reprogrammed . | . . . Reused . | . . . Traps Extracted . | . . . Installed . | . . . Triggered . | . . . Machines | -11 -10 -10 ---------- Run | Yrd Mat Min Machines Disabled . | . . . Max in Single Turn . | . . . Machines Repaired . | . . . Machines Dismantled . | . . . Machines Sabotaged . | . . . Overloaded Fab Kills . | . . . Hacking | -11 -10 -10 --------- Run | Yrd Mat Min Machines Accessed 6 | . 6 . Terminals 5 | . 5 . Fabricators . | . . . Repair Stations 1 | . 1 . Recycling Units . | . . . Scanalyzers . | . . . Garrison Access . | . . . Total Hacks 15 | . 15 . Successful 8 | . 8 . Failed 7 | . 7 . Catastrophic . | . . . Database Lockouts . | . . . Manual . | . . . Terminals 13 | . 13 . Fabricators . | . . . Repair Stations 2 | . 2 . Recycling Units . | . . . Scanalyzers . | . . . Garrison Access . | . . . Terminal Hacks 6 | . 6 . Record 1 | . 1 . Robot Analysis 1 | . 1 . Dispatch Records 1 | . 1 . Reinforcement Status 1 | . 1 . Hauler Manifests 1 | . 1 . Zone Layout 1 | . 1 . Fabricator Hacks . | . . . Repair Station Hacks 2 | . 2 . Scan Component 1 | . 1 . Repair 1 | . 1 . Recycling Unit Hacks . | . . . Scanalyzer . | . . . Garrison Access Hacks . | . . . Unauthorized Hacks . | . . . Terminals . | . . . Fabricators . | . . . Repair Stations . | . . . Recycling Units . | . . . Scanalyzers . | . . . Garrison Access . | . . . Data Cores Recovered . | . . . Used . | . . . Hacking Detections 4 | . 4 . Full Trace Events 1 | . 1 . Feedback Events 1 | . 1 . Corruption 1 | . 1 . Feedback Blocked . | . . . Robot Schematics Acquired . | . . . Robots Built . | . . . Authchips . | . . . Time . | . . . Total Robot Build Rating . | . . . Part Schematics Acquired . | . . . Parts Built . | . . . Authchips . | . . . Time . | . . . Total Part Build Rating . | . . . Parts Repaired 1 | . 1 . Time 26 | . 26 . Parts Recycled . | . . . Recycled Matter . | . . . Retrieved Matter . | . . . Retrieved Components . | . . . Parts Scanalyzed . | . . . Part Schematics Acquired . | . . . Parts Damaged . | . . . Bothacking | -11 -10 -10 ------------ Run | Yrd Mat Min Used RIF Installer . | . . . Robots Hacked . | . . . Non-combat . | . . . Combat . | . . . Robot Hacks Applied . | . . . Relay Couplers Released . | . . . Fabnet Peak Effective % . | . . . Robots Rewired . | . . . Allies Hacked . | . . . Hacks Repelled . | . . . Allies | -11 -10 -10 -------- Run | Yrd Mat Min Total Allies 1 | . . 1 Largest Group 1 | . . 1 Highest-Rated Group 31 | . . 31 Highest-Rated Ally 31 | . . 31 Total Orders . | . . . Ally Attacks 2 | . . 2 Total Damage 42 | . . 42 Kills . | . . . Allies Corrupted . | . . . Allies Melted . | . . . Intel | -11 -10 -10 ------- Run | Yrd Mat Min Robot Analysis Total 1 | . 1 . Derelict Logs Recovered 2 | . . 2 Drone Launches . | . . . Drone Recoveries . | . . . Exploration | -11 -10 -10 ------------- Run | Yrd Mat Min Turns Passed 1351 | 67 1126 158 Spaces Moved 762 | 38 629 95 Core 20 | 20 . . Treads 256 | 18 238 . Legs 486 | . 391 95 Wheels . | . . . Hover . | . . . Flight . | . . . Fastest Speed 50 | 50 120 120 Average Speed 133 | 144 135 120 Slowest Speed 250 | 250 160 120 Overloaded Moves . | . . . Propulsion Burnouts . | . . . Robots Hopped . | . . . Cave-ins Triggered . | . . . Exploration Rate (%) 35 | 3 80 24 Regions Visited 2 Branch Regions 1 Pre-discovered Areas . | . . . Known Exits Taken 1 | . 1 . Unknown Exits Taken 1 | 1 . . Scrap Searched . | . . . Spaces Dug 2 | . 2 . Terrain Destroyed 135 | . 2 133 Melee 2 | . 2 . Projectile . | . . . AOE 133 | . . 133 Terrain Rammed . | . . . Walls Destroyed . | . . . Machines Disabled . | . . . Actions | -11 -10 -10 --------- Run | Yrd Mat Min Total 980 | 50 812 118 Wait 72 | . 72 . Move 760 | 37 628 95 Hop . | . . . Pick Up 33 | 7 25 1 Fast Attach . | . . . Attach 14 | 6 7 1 Detach 2 | . 2 . Swap 21 | . 15 6 Drop 15 | . 13 2 Fire 60 | . 48 12 Melee 2 | . 2 . Ram . | . . . Kick 1 | . . 1 Crush . | . . . Escape Stasis . | . . . Rewire . | . . . Trap . | . . . Miscellaneous . | . . . Route ------- -11/Scrapyard -10/Materials (discovered 3 exits: [*Mat x2] / *Min) -10/Mines History --------- Turn | Location | Event 7 | -11/Scrapyard | Discovered new exit (range 16) 68 | -11/Scrapyard | Entered Materials 316 | -10/Materials | Build established: Mutant 658 | -10/Materials | Discovered new exit (range 8) 854 | -10/Materials | Discovered new exit (range 16) 946 | -10/Materials | Repaired Propulsion Shielding 1126 | -10/Materials | Discovered new exit (range 8) 1136 | -10/Materials | Identified exit to Mines 1194 | -10/Materials | Entered Mines 1195 | -10/Mines | Met a Derelict testing a Signal Generator 1235 | -10/Mines | Met a Derelict bent on vengeance 1320 | -10/Mines | Assembled infested the area 1349 | -10/Mines | Core integrity fell below 50% 1351 | -10/Mines | Core integrity fell below 20% 1352 | -10/Mines | Destroyed self with Mini Grenade Launcher Last Messages --------------- 01313_ G-47 Trooper destroyed. 01319_ The unstable cave ceiling collapses. 01320_ ALERT: Infestation in the mines, dispatching Demolisher response squad. 01323_ The unstable cave ceiling collapses. 01323_ Acquired 22 matter. 01325_ The unstable cave ceiling collapses. 01326_ Acquired 14 matter. 01327_ The unstable cave ceiling collapses. 01333_ Kicked K-01 Serf. 01342_ C-30 ARC bursts open, deploying its payload. 01342_ D-53 Grenadier unfolds itself. 01343_ Ion Engine destroyed. 01343_ Destroyed Ion Engine. 01343_ S-10 Pest destroyed. 01345_ Carbon-fiber Leg destroyed. 01347_ The unstable cave ceiling collapses. 01349_ Aluminum Leg destroyed. 01352_ The unstable cave ceiling collapses. Map ----- +----------------------------------------------------+ | ????????????????????????????????????????? #?????? | | ???????????????????????????????????????## ####### | | ???????????????????????????????????????# | | ???????????????????????????????????????# #?###### | | ?????????????????????????????????????### #????### | | ????????????????????????????????????## ##???# | | ???????????????????????????###?????## ##??# | | ????????????????????????#### ###??## ##?# | | ????????????????????????# # #### #?# | | ????????????????????????# # # #?# | | ??????????????????????### ## #?# | | ??????????????????????# ##### #### | | ??????????????????????# # ##???# " | | ??????????????????????###= # ##????######" | | ??????????????????????# * # #####??????????# | | ??????????????????????## ####??????????????# | | ???????????????????????# ###????????????????# | | ???????????????????????# ###??????????????????# | | ???????????????????????# #????????????????????# | | ???????????????????????# #????????????????????# | | ?????????????????????### ###?????????????????? | | ????????????????????## # ##?????????????????### | | ??????????????????#### ##??????????????????? | | ?????????????????## #??????????????????? | | ????????????????## #??????????????????? | | ????????????????# @ #??????????????????? | | ????????????????## #??????????????????? | | ????????????????# d #??????????????????? | | ????????????????# d #??????????????????? | | ??????????????# # # ?????????????????? | | ????????????? ? ###### ????????????????? | | ??????????? ?# #??????#???????????????? | | ??????????????# ##??????????????????????? | | ??????????????# ## ????????????????????????? | | ??????????????#??# #????????????????????????? | | ????????????????? ?????????????????????????? | | ????????????????## # ?????????????????????????? | | ?????????????????# ####?????????????????????????? | | ?????????????????#??????????????????????????????? | | ????????????????????????????????????????????????? | | ????????????????????????????????????????????????? | | ????????????????????????????????????????????????? | | ????????????????????????????????????????????????? | | ????????????????????????????????????????????????? | | ????????????????????????????????????????????????? | | ????????????????????????????????????????????????? | | ????????????????????????????????????????????????? | | ????????????????????????????????????????????????? | | ????????????????????????????????????????????????? | | ????????????????????????????????????????????????? | +----------------------------------------------------+ Best States ------------- Heat Dissipation 25 Energy Generation 14 Energy Capacity 250 Matter Stores 300 Matter Capacity 300 Sight Range 16 Robot Scan Range 14 Terrain Scan Range 14 Terrain Scan Density 10 ECM Strength 1 Propulsion Shielding 33 Evasion (%) 55 Recoil Reduction 2 Item Schematics ----------------- None Robot Schematics ------------------ None Fabricated ------------ Nothing Alien Tech Used ----------------- None Achievements -------------- None Challenges ------------ None Game ------ Seed CooledBehemothShredder Manual? 0 Play Time 00:28:55 Cumulative 2.9 hours Start 2024.04.06 @ 19:18:49 End 2024.04.06 @ 20:17:55 Sessions 1 Manual Loads 0 Difficulty Rogue Special Mode None Game No. 8 Rogue 8 Adventurer 0 Explorer 0 Win Type - Total 0 Types 0/0/0/0/0/0/0/0/0 Lore% 1 Gallery% 7 Achievement% 7 Wizard Run 0 Options --------- Layout 1 ASCII 0 Keyboard 0 Movement Mouse Keybinds 0 Fullscreen 1 Font 24/Smallcaps Map View 50x35 Zoom Use 0% Tactical HUD 1 Map Filters NONE Filters NONE Steam 1 RUN: bd1fd6b7-a456-4415-b019-92647b9c2e4b